AoeStats
← ChuKoNuUBad

Nomad

509902262Analyzed
2v2 RM · 4d ago on Sep 28, 2026· 44m 52s· 4 players
Game mode
Random Map
Map size
176×176
Population
200
Speed
Normal
Resources
Standard
Victory
Conquest
Starting age
Dark Age
Ending age
Imperial Age
RankedLock teamsTeams togetherTeam positionsShared explorationLock speedFull tech treeHidden civsTurbo modeCheats
Victory
Defeat
🇨🇭 Mongols · Switzerland
1321
+13
🇩🇪 Varangians · Germany
1299
+15
🇬🇧 Vietnamese · United Kingdom
1261
-14
🇬🇧 Persians · United Kingdom
1259
-14
Ludo
13:11 Feudal Age
17:15 Castle Age
15:23 Loom
16:26 Double-Bit Axe
27:04 Fletching
28:01 Padded Archer Armor
30:58 Bodkin Arrow
32:18 Bow Saw
32:09 Gold Mining
35:45 Wheelbarrow
35:02 Town Watch
34:58 Horse Collar
36:56 Hand Cart
37:01 Leather Archer Armor
36:49 Stone Mining
37:16 Heavy Plow
40:13 Ballistics
40:33 Gold Shaft Mining
40:34 Stone Shaft Mining
42:56 Imperial Age
41:57 Fortified Wall
43:01 Elite Mangudai
44:00 Bracer
44:32 Bloodlines
Bartos
12:21 Feudal Age
12:55 Loom
13:51 Double-Bit Axe
17:40 Fletching
23:56 Castle Age
23:29 Scale Barding Armor
23:57 Bloodlines
25:24 Forging
25:40 Horse Collar
28:00 Chain Barding Armor
28:36 Husbandry
37:11 Iron Casting
38:40 Wheelbarrow
43:32 Imperial Age
42:21 Bow Saw
43:54 Squires
Nomad until 1300
3:07 Loom
12:22 Feudal Age
12:59 Double-Bit Axe
15:16 Fletching
24:34 Castle Age
23:43 Gold Mining
24:23 Crossbowman
25:59 Bow Saw
27:30 Ballistics
36:16 Forging
36:12 Scale Barding Armor
38:22 Bloodlines
41:29 Horse Collar
ChuKoNuUBad
3:30 Loom
12:54 Feudal Age
13:30 Double-Bit Axe
13:38 Gold Mining
20:42 Fletching
24:27 Fishing Lines
28:09 Castle Age
29:08 Bow Saw
28:52 Gillnets
34:20 Forging
34:08 Bodkin Arrow
34:14 Padded Archer Armor
34:16 Elite Skirmisher
34:18 Pikeman
35:57 Leather Archer Armor
35:54 Forging
35:44 Scale Mail Armor
38:15 Iron Casting
38:42 Chain Mail Armor
38:31 Squires
39:20 Wheelbarrow
40:10 Pikeman
Connection lost

Rejoining the realm…

Still unreachable

The connection could not be restored.

Session expired

The server has moved on; the page needs a fresh start.